 Dungeon Crawl Stone Soup version 0.23-a0-378-gd7a6ca6 (webtiles) character file.

299 BingusPrime the Quickloader (level 6, 0/37 HPs)
             Began as a Kobold Hunter on Oct 27, 2018.
             Was an Initiate of Dithmenos.
             Succumbed to Sigmund's poison
             ... on level 4 of the Dungeon.
             The game lasted 00:10:56 (3642 turns).

BingusPrime the Quickloader (Kobold Hunter)         Turns: 3642, Time: 00:10:57

Health: 0/37       AC:  4    Str: 10    XL:     6   Next: 63%
Magic:  6/6        EV: 15    Int: 12    God:    Dithmenos [......]
Gold:   172        SH:  0    Dex: 17    Spells: 5/5 levels left

rFire    . . .     SeeInvis .   n - +3 whip (drain)
rCold    . . .     Gourm    .   (shield restricted)
rNeg     . . .     Faith    .   c - +0 leather armour
rPois    .         Spirit   .   (no helmet)
rElec    .         Reflect  .   (no cloak)
rCorr    .         Harm     .   p - +0 pair of gloves
MR       .....                  (no boots)
Stlth    ++........             (no amulet)
HPRegen  0.12/turn              (no ring)
MPRegen  0.10/turn              (no ring)

@: lethally poisoned (0 -> -33)
A: small, carnivore
a: Renounce Religion


You were on level 4 of the Dungeon.
You worshipped Dithmenos.
Dithmenos was noncommittal.
You were hungry.

You visited 1 branch of the dungeon, and saw 4 of its levels.

You collected 172 gold pieces.

Inventory:

Hand Weapons
 a - a +1 hand crossbow
 b - a +2 spear of piercing
 n - a +3 whip of draining (weapon)
Missiles
 d - 9 bolts
Armour
 c - a +0 leather armour (worn)
 p - a +0 pair of gloves (worn)
Wands
 j - a wand of acid (13)
 q - a wand of iceblast (8)
Scrolls
 e - a scroll of identify
 g - a scroll of immolation {unknown}
 h - a scroll of remove curse
 k - a scroll of teleportation {unknown}
Potions
 i - a potion of heal wounds {unknown}
 l - a potion of haste {unknown}
 m - a potion of lignification {unknown}
 o - a potion of ambrosia {unknown}
 r - 2 potions of curing
 s - a potion of flight {unknown}
Comestibles
 f - 4 rations


   Skills:
 + Level 3.0 Fighting
 + Level 0.1 Polearms
 * Level 8.3 Crossbows
 + Level 0.6 Armour
 + Level 2.6 Dodging
 + Level 2.0 Stealth


You had 5 spell levels left.
You didn't know any spells.
Your spell library was empty.

Dungeon Overview and Level Annotations

Branches:
Dungeon (4/15)
 Temple: D:4-7

Altars:
Cheibriados
Dithmenos
Hepliaklqana
Kikubaaqudgha
Nemelex Xobeh
Sif Muna

Annotations:
D:4 Sigmund


Innate Abilities, Weirdness & Mutations

You are small and have problems with some larger weapons.
You are carnivorous and can eat meat at any time.


Message History

Firing (i - inventory)
d - 11 bolts (quivered)
Press: ? - help, Shift-Dir - straight line You shoot a bolt.
Something tries to affect you, but you resist.
Firing (i - inventory)
d - 10 bolts (quivered)
Press: ? - help, Shift-Dir - straight line You shoot a bolt.
Wield which item (- for none, * to show all)? (? for menu, Esc to quit)
You sense an unholy aura.
n - a +3 whip of draining (weapon)
Something barely misses you. Something barely misses you.
You hit something. Something hits you!
You closely miss something. Something hits you!
You are lethally poisoned!
You miss something.
You feel sick. Something hits you!
* * * LOW HITPOINT WARNING * * *
You are more poisoned.
You closely miss something.
You die...

..# ..# ..# ###
#### ..# .# # #.#
.# # #.##.#.#####.#
.#
#...((@....#.###.#
######...........##
.....###........#
####.#.#........#
#.#..........#
#.#.##.......#
####.#...#.......
#....###.########
#...............


There were no monsters in sight!

Vanquished Creatures
  Ijyb (D:3)
  Terence (D:3)
  3 orc wizards
  5 adders
  2 oozes
  3 worms
  A dart slug (D:2)
  5 leopard geckos
  15 orcs
  10 bats
  4 giant cockroaches
  8 goblins
  13 hobgoblins
  6 kobolds
  A ball python (D:1)
  6 frilled lizards
  A jackal skeleton (D:4)
  9 rats
94 creatures vanquished.

Notes
Turn   | Place    | Note
-------+----------+-------------------------------------------
     0 | D:1      | BingusPrime the Kobold Hunter began the quest for the Orb.
     0 | D:1      | Reached XP level 1. HP: 12/12 MP: 1/1
    23 | D:1      | Reached skill level 5 in Crossbows
    50 | D:1      | Reached XP level 2. HP: 17/17 MP: 2/2
   374 | D:1      | Found a sparkling altar of Nemelex Xobeh.
   391 | D:1      | Reached XP level 3. HP: 14/21 MP: 3/3
   911 | D:1      | Reached skill level 6 in Crossbows
  1269 | D:2      | Reached XP level 4. HP: 21/26 MP: 4/4
  1298 | D:2      | HP: 1/27 [hobgoblin/+0 club (5)]
  1676 | D:2      | Found a hazy altar of Hepliaklqana.
  1889 | D:2      | Found a snail-covered altar of Cheibriados.
  1910 | D:2      | Found a faded altar of an unknown god.
  1975 | D:2      | Became a worshipper of Sif Muna the Loreminder
  1975 | D:2      | Reached * piety under Sif Muna
  2121 | D:2      | Fell from the grace of Sif Muna
  2283 | D:3      | Reached XP level 5. HP: 29/31 MP: 5/5
  2414 | D:3      | Reached skill level 7 in Crossbows
  2502 | D:3      | Found a shadowy altar of Dithmenos.
  2504 | D:3      | Noticed Terence
  2514 | D:3      | Killed Terence
  2517 | D:3      | Became a worshipper of Dithmenos the Shadowed
  2580 | D:3      | Found an ancient bone altar of Kikubaaqudgha.
  2580 | D:3      | Noticed Ijyb
  2590 | D:3      | Killed Ijyb
  2590 | D:3      | Reached XP level 6. HP: 31/36 MP: 6/6
  3365 | D:4      | Reached skill level 8 in Crossbows
  3628 | D:4      | Noticed Sigmund
  3642 | D:4      | Succumbed to Sigmund's poison

Vault maps used:
D:1:      erik_arrival_cave_to_civilisation, serial_rivers,
          chequers_serial_rivers_room_a, chequers_serial_rivers_micro_c,
          chequers_serial_rivers_marsh, chequers_serial_rivers_small_b,
          chequers_serial_rivers_micro_c, nemelex_xobeh_ov_fountains_minmay
D:2:      old_standard_altar, kennysheep_slug_shrine,
          chequers_ecumenical_altar_island, minmay_guardbox
D:3:      nicolae_overflow_crystal_walls, chequers_big_river,
          grunt_dithmenos_smoke_and_mirrors, uniq_terence, uniq_ijyb
D:4:      marbit_many_paths, lemuel_round_altar, uniq_sigmund,
          uniq_blork_the_orc, uniq_robin

Skill      XL: |  1  2  3  4  5  6 |
---------------+-------------------+-----
Crossbows      | 5 6 7 8 |  8.3
Stealth        | 2 |  2.0
Fighting       | 3 |  3.0
Polearms       | |  0.1
Armour         | |  0.6
Dodging        | |  2.6

Action                   |  1- 3 |  4- 6 || total
-------------------------+-------+-------++-------
Melee: Short sword       |     3 |       ||     3
       Hand axe          |       |    21 ||    21
       Spear             |       |    39 ||    39
       Whip              |       |     7 ||     7
 Fire: Hand crossbow     |    65 |   125 ||   190
Invok: Renounce Religion |       |     1 ||     1
  Use: Scroll            |       |     2 ||     2
       Potion            |       |     2 ||     2
 Stab: Sleeping          |       |     2 ||     2
  Eat: Chunk             |       |     4 ||     4
       Ration            |       |     2 ||     2
Armor: Leather armour    |     7 |    21 ||    28
Dodge: Dodged            |    28 |    61 ||    89

Table legend:
 A = Non-vault XP
 B = Vault XP
 C = Vault XP percentage of total XP
 D = Non-vault monster count
 E = Vault monster count
 F = Vault count percentage of total count
                 A         B        C        D         E       F
            +---------+---------+-------+---------+---------+-------
      Total |     314 |     114 |  26.6 |      77 |      17 |  18.1
            +---------+---------+-------+---------+---------+-------
        D:1 |      41 |       2 |   4.7 |      22 |       2 |   8.3
        D:2 |      46 |      40 |  46.5 |      18 |      13 |  41.9
        D:3 |     115 |      72 |  38.5 |      21 |       2 |   8.7
        D:4 |     112 |       0 |   0.0 |      16 |       0 |   0.0
            +---------+---------+-------+---------+---------+-------
